 Dungeon Crawl Stone Soup version 0.30-b1-2-g02819fbbbe (webtiles) character file.

Game seed: 10369403293874058037

105 Metae the Trooper (level 4, 0/41 HPs)
             Began as a Minotaur Fighter on June 21, 2023.
             Slain by a river rat (7 damage)
             ... on level 3 of the Dungeon.
             The game lasted 00:03:41 (1525 turns).

Metae the Trooper (Minotaur Fighter)                Turns: 1525, Time: 00:03:42

Health: 0/41       AC:  7    Str: 23    XL:     4   Next: 53%
Magic:  3/3        EV:  9    Int:  5    God:
Gold:   144        SH:  4    Dex:  9    Spells: 3/3 levels left

rFire   . . .        a - +0 flail
rCold   . . .        c - +0 buckler
rNeg    . . .        b - +0 scale mail
rPois   .            (helmet restricted)
rElec   .            (no cloak)
rCorr   .            (no gloves)
SInv    .            (no boots)
Will    .....        (no amulet) Stlth
                     (no ring)
HPRegen 0.26/turn    (no ring)
MPRegen 0.08/turn

%: no passive effects
@: very slow
A: horns 2, retaliatory headbutt
a: no special abilities


You were on level 3 of the Dungeon.
You visited 1 branch of the dungeon, and saw 3 of its levels.

You collected 144 gold pieces.

Inventory:

Hand Weapons
 a - a +0 flail (weapon)
 l - a +0 sling
Missiles
 e - 23 stones (quivered)
Armour
 b - a +0 scale mail (worn)
 c - a +0 buckler (worn)
Scrolls
 f - a scroll of fog {unknown}
 j - a scroll of identify {unknown}
 k - a scroll of silence {unknown}
 m - 2 scrolls of teleportation {unknown}
 p - a scroll of immolation {unknown}
 q - a scroll of vulnerability {unknown}
Potions
 d - a potion of might
 g - a potion of lignification {unknown}
 h - a potion of berserk rage {unknown}
 i - a potion of attraction {unknown}
 n - a potion of invisibility {unknown}
 o - a potion of brilliance {unknown}
 r - a potion of curing {unknown}


   Skills:
 + Level 4.5 Fighting
 + Level 3.5 Maces & Flails
 + Level 4.4 Armour
 + Level 4.5 Shields


You had 3 spell levels left.
You didn't know any spells.
Your spell library contained the following spells:

 Spells                   Type           Power      Damage    Failure   Level
 Inner Flame              Hex/Fire       0%         N/A       99%         3
 Summon Lightning Spire   Summ/Air       0%         N/A       100%        4
 Yara's Violent Unravell  Hex/Tmut       0%         3d3       100%        5
 Enfeeble                 Hex            0%         N/A       100%        7
 Storm Form               Tmut/Air       0%         N/A       100%        7
 Maxwell's Capacitive Co  Air            0%         ∞         100%        8


Dungeon Overview and Level Annotations

Branches:
Dungeon (3/15)

Altars:
Ashenzari


Innate Abilities, Weirdness & Mutations

You have a pair of horns on your head.
You reflexively headbutt those who attack you in melee.


Message History

You block the worm's attack.
You hit the worm.
The worm is moderately wounded.
The worm splashes around in the water.
You sock the worm!
The worm is severely wounded.
You barely miss the worm.
The worm is severely wounded.
The worm bites you but does no damage.
Your unstable footing causes you to fumble your attack.
You block the worm's attack.
Your unstable footing causes you to fumble your attack.
The worm barely misses you.
You sock the worm! You headbutt the worm.
You kill the worm!
Your unstable footing causes you to fumble your attack.
You block the river rat's attack.
Your unstable footing causes you to fumble your attack.
The river rat bites you.
Your unstable footing causes you to fumble your attack.
You block the river rat's attack.
You closely miss the river rat. Your headbutt misses the river rat.
The river rat bites you but does no damage.
The river rat bites you.
* * * LOW HITPOINT WARNING * * *
Your unstable footing causes you to fumble your attack.
The river rat barely misses you.
You barely miss the river rat. You headbutt the river rat.
The river rat is moderately wounded.
The river rat bites you but does no damage.
You hit the river rat but do no damage.
You headbutt the river rat, but do no damage.
The river rat is moderately wounded.
The river rat bites you but does no damage.
You hit the river rat.
The river rat is heavily wounded.
The river rat bites you.
* * * LOW HITPOINT WARNING * * *
The river rat bites you!
You die...

#.# #.# ###.. #.# .##.#
#####.####### .##'##
#...........# .#...##
#.###.##..#.###
#.....###.##..........#
.......##.......~.....#
........#..#..~~@~~.~.#
........'...####r#~#~~#
........##### ~~~~~~~#
.......## ########
#.....## ##...## ##'##
#.# #.#


You could see a river rat.

Vanquished Creatures
  A howler monkey zombie (D:3)
  A river rat (D:3)
  An adder (D:3)
  An adder zombie (D:3)
  2 adder skeletons (D:3)
  2 worms
  7 bats
  5 endoplasms
  2 giant cockroaches
  6 goblins (D:2)
  8 hobgoblins
  4 jackals (D:1)
  A quokka (D:3)
  3 ball pythons
  A ball python skeleton (D:3)
  5 frilled lizards
  5 kobolds
  4 rats
59 creatures vanquished.

Vanquished Creatures (others)
  A butterfly (D:3)
1 creature vanquished.

Grand Total: 60 creatures vanquished

Notes
Turn   | Place    | Note
-------+----------+-------------------------------------------
     0 | D:1      | Metae the Minotaur Fighter began the quest for the Orb.
     0 | D:1      | Reached XP level 1. HP: 19/19 MP: 0/0
   213 | D:1      | Reached XP level 2. HP: 27/27 MP: 1/1
   358 | D:1      | Found a faded altar of an unknown god.
   540 | D:2      | Reached XP level 3. HP: 33/33 MP: 2/2
   664 | D:2      | Found a broken altar of Ashenzari.
   824 | D:2      | You fall into a shaft and drop 1 floor!
  1214 | D:3      | Reached XP level 4. HP: 34/41 MP: 3/3
  1525 | D:3      | Slain by a river rat

Illustrated notes

Levels and vault maps discovered:
D:1:      giann_forest_graveyard, layout_basic,
          chequers_ecumenical_altar_simple_redux
D:2:      layout_basic, basic_altar
D:3:      layout_loops_corners, nicolae_elyvilon_peaceful_grove,
          marbit_many_paths, lightli_sewer_entry_pipes, serial_undead,
          serial_undead_d, serial_undead_a, serial_undead_d, serial_undead_f

Skill      XL: |  1  2 |
---------------+-------+-----
Shields        | 4 |  4.5
Fighting       | 4 |  4.5
Armour         | 4 |  4.4
Maces & Flails | 3 |  3.5

Action                     |  1- 3 |  4- 6 || total
---------------------------+-------+-------++-------
  Melee: Flail             |    93 |    40 ||   133
         Headbutt          |    17 |     3 ||    20
 Armour: Scale mail        |    46 |     9 ||    55
  Dodge: Dodged            |    56 |     7 ||    63
  Block: Buckler           |    27 |     7 ||    34
